[Event "Titled Tuesday Blitz February 14 Early 2023"]
[White "Piesik, Piotr"]
[Black "Ibarra Jerez, Jose Carlos"]
[WhiteFideId "1136194"]
[BlackFideId "2226332"]
[WhiteElo "2426"]
[BlackElo "2563"]
[Result "1/2-1/2"]
[Round "07"]
[TimeControl "180+2"]
[Date "2023.02.15"]
[WhiteClock "0:00:13"]
[BlackClock "0:00:05"]

1. Nf3 d6 2. d4 g6 3. g3 Bg7 4. Bg2 Nf6 5. O-O O-O 6. Nbd2 Nbd7 7. e4 e5 8. dxe5 dxe5 9. Qe2 b6 10. b3 Bb7 11. a4 a5 12. Rd1 Re8 13. Bb2 Qe7 14. Ne1 Ba6 15. Nc4 Nc5 16. f3 Nfd7 17. Bf1 Ne6 18. Qf2 Nd4 19. Ne3 Bxf1 20. Kxf1 c6 21. Kg2 Qe6 22. Nc4 Rad8 23. Nd3 f6 24. Bxd4 exd4 25. Re1 c5 26. f4 Qc6 27. Qf3 Re7 28. Re2 Rde8 29. Rae1 Bf8 30. Kf2 Bh6 31. h4 Bf8 32. h5 g5 33. e5 Qxf3+ 34. Kxf3 gxf4 35. e6 Ne5+ 36. Ndxe5 fxe5 37. Rxe5 Bg7 38. R5e4 fxg3 39. Kxg3 Rb8 40. Nd6 d3 41. Nf5 Ree8 42. Rg4 Rb7 43. e7 Kf7 44. Rxg7+ Kf6 45. Kf4 dxc2 46. Rg2 Rd7 47. Rxc2 Rd5 48. Ng3 Rxe7 49. Rxe7 Kxe7 50. Re2+ Kf6 51. Ne4+ Kg7 52. Rg2+ Kh6 53. Rg8 Rd4 54. Rb8 Rb4 55. Kf5 Kxh5 56. Rg8 Rxb3 57. Rg1 Rf3+ 58. Ke5 Rf8 59. Nf6+ Kh6 60. Rh1+ Kg6 61. Rg1+ Kh6 62. Ng4+ Kg6 63. Ne3+ Kf7 64. Rf1+ Ke7 65. Nd5+ Ke8 66. Rxf8+ Kxf8 67. Nxb6 h5 68. Nd7+ Ke7 69. Nxc5 h4 70. Ne4 Kd7 71. Kf4 Kc6 72. Kg4 Kd5 73. Nd2 Kc5 74. Kxh4 Kb4 75. Kg3 Kxa4 76. Kf2 Kb4 77. Ke2 Kc3 78. Kd1 a4 79. Kc1 a3 80. Ne4+ Kb3 81. Kb1 a2+ 82. Ka1 Ka3 83. Nc3 Kb3 84. Nxa2 1/2-1/2


[Site "https://www.chess.com"]

[Event "Titled Tuesday Blitz February 14 Early 2023"]
[White "Iskusnyh, Sergei"]
[Black "Rakhmanov, Aleksandr"]
[WhiteFideId "4120027"]
[BlackFideId "4173708"]
[WhiteElo "2440"]
[BlackElo "2632"]
[Result "1-0"]
[Round "07"]
[TimeControl "180+2"]
[Date "2023.02.15"]
[WhiteClock "0:00:23"]
[BlackClock "0:00:01"]

1. d4 Nf6 2. c4 d6 3. Nf3 g6 4. g3 Bg7 5. Bg2 c6 6. Nc3 Bf5 7. O-O O-O 8. Re1 Ne4 9. Nxe4 Bxe4 10. e3 d5 11. b3 e6 12. Bb2 a5 13. Bf1 Bxf3 14. Qxf3 a4 15. b4 a3 16. Bc3 dxc4 17. Bxc4 Nd7 18. Red1 Nb6 19. Bb3 Nd5 20. Be1 Qd6 21. b5 cxb5 22. Bxd5 Qxd5 23. Qxd5 exd5 24. Rdb1 Rfc8 25. Rxb5 Rc2 26. Rxb7 Rac8 27. Bb4 Rb2 28. Rb6 Bf8 29. Bc5 Bxc5 30. dxc5 Rxc5 31. Rf6 Rcc2 32. Rd1 Rd2 33. Rxd2 1-0


[Site "https://www.chess.com"]

[Event "Titled Tuesday Blitz February 14 Early 2023"]
[White "Carnicelli, Valerio"]
[Black "Pantsulaia, Levan"]
[WhiteFideId "856185"]
[BlackFideId "13602071"]
[WhiteElo "2370"]
[BlackElo "2570"]
[Result "0-1"]
[Round "07"]
[TimeControl "180+2"]
[Date "2023.02.15"]
[WhiteClock "0:00:01"]
[BlackClock "0:00:14"]

1. e4 c5 2. Nf3 a6 3. c4 e6 4. Nc3 Nc6 5. d4 cxd4 6. Nxd4 Bb4 7. a3 Bxc3+ 8. bxc3 d6 9. Bd3 e5 10. Nxc6 bxc6 11. O-O Nf6 12. f4 O-O 13. f5 h6 14. Ra2 a5 15. g4 Nh7 16. Rg2 Ba6 17. f6 Nxf6 18. g5 Nh7 19. Qh5 Kh8 20. Rxf7 Rxf7 21. Qxf7 hxg5 22. h4 Qb6+ 23. Kh2 Rf8 24. Qh5 gxh4 25. Qxh4 Bc8 26. Qe7 Rg8 27. Qxd6 Nf6 28. Qxe5 Ng4+ 29. Rxg4 Bxg4 30. Qg3 Bh5 31. Qh4 g6 32. Bf4 Qb2+ 33. Kg1 Qxc3 34. Qg3 Re8 35. Bd6 Kh7 36. e5 Qd4+ 37. Kh2 Re6 38. c5 Bg4 39. Qh4+ Kg7 40. Qg3 Re8 41. Bc2 Rh8+ 0-1


[Site "https://www.chess.com"]

[Event "Titled Tuesday Blitz February 14 Early 2023"]
[White "Panesar Vedant"]
[Black "Rustemov, Alexander"]
[WhiteFideId "35033018"]
[BlackFideId "4119002"]
[WhiteElo "2387"]
[BlackElo "2525"]
[Result "1-0"]
[Round "07"]
[TimeControl "180+2"]
[Date "2023.02.15"]
[WhiteClock "0:00:11"]
[BlackClock "0:00:05"]

1. Nf3 d5 2. g3 c6 3. Bg2 Bf5 4. O-O Nf6 5. d3 e6 6. Nh4 Bg4 7. h3 Bh5 8. Qe1 Be7 9. f4 Nfd7 10. Nf3 O-O 11. Nc3 Na6 12. Kh2 Nb4 13. Qd1 f5 14. a3 Na6 15. Qe1 Qc7 16. Nd4 Qd6 17. Qf2 Nc7 18. e4 fxe4 19. dxe4 e5 20. Nf5 Rxf5 21. exf5 e4 22. Be3 Bf6 23. g4 Bf7 24. Bd4 c5 25. Bxf6 Nxf6 26. Rad1 Re8 27. g5 e3 28. Qh4 Nh5 29. Rde1 g6 30. f6 d4 31. Ne4 Qb6 32. Ng3 Nxg3 33. Kxg3 c4 34. Qh6 Ne6 35. Bd5 Qc7 36. h4 Rd8 37. Bxe6 Bxe6 38. h5 Bf5 39. hxg6 Bxg6 40. Kg4 d3 41. cxd3 cxd3 42. f5 Rd4+ 43. Kh3 Qd7 44. Rxe3 Bxf5+ 45. Kh2 Bg6 46. Rfe1 d2 47. Re8+ Bxe8 48. Rxe8+ Kf7 49. Qg7+ Kxe8 50. Qg8# 1-0


[Site "https://www.chess.com"]

[Event "Titled Tuesday Blitz February 14 Early 2023"]
[White "Tan, Jun Ying"]
[Black "Seo, Jung Min"]
[WhiteFideId "5710413"]
[BlackFideId "1734687"]
[WhiteElo "2307"]
[BlackElo "2494"]
[Result "1/2-1/2"]
[Round "07"]
[TimeControl "180+2"]
[Date "2023.02.15"]
[WhiteClock "0:00:35"]
[BlackClock "0:01:04"]

1. d4 d6 2. Nf3 Nf6 3. c4 Bf5 4. Nc3 Nbd7 5. g3 h6 6. Bg2 c6 7. O-O e5 8. Re1 Be7 9. e4 Bg4 10. h3 Bh5 11. g4 Bg6 12. Nh4 Bh7 13. Nf5 O-O 14. d5 Bxf5 15. exf5 cxd5 16. Nxd5 Nxd5 17. Bxd5 Rb8 18. Be3 Nb6 19. b3 Bg5 20. Qd3 Kh8 21. Rad1 Bxe3 22. fxe3 Qh4 23. e4 Nxd5 24. cxd5 Rbc8 25. Rc1 Qg5 26. Rc4 a6 27. Qe3 b5 28. Qxg5 hxg5 29. Rc6 Rxc6 30. dxc6 Rc8 31. Rc1 Kg8 32. c7 Kf8 33. Rc6 Ke7 34. Rxa6 Rxc7 35. Rb6 Rc1+ 36. Kf2 Rc2+ 37. Kf3 Rxa2 38. Rxb5 Rh2 39. Kg3 Rd2 40. Rb7+ Ke8 41. Rb8+ Ke7 42. Rb7+ Ke8 43. Rb8+ Ke7 44. Rb7+ 1/2-1/2


[Site "https://www.chess.com"]

[Event "Titled Tuesday Blitz February 14 Early 2023"]
[White "Pakleza, Zbigniew"]
[Black "Manukyan, Sargis A."]
[WhiteFideId "1119290"]
[BlackFideId "13303970"]
[WhiteElo "2494"]
[BlackElo "2158"]
[Result "1-0"]
[Round "07"]
[TimeControl "180+2"]
[Date "2023.02.15"]
[WhiteClock "0:00:03"]
[BlackClock "0:00:02"]

1. d4 d5 2. Bf4 Nf6 3. e3 Bg4 4. Nf3 e6 5. c4 Bd6 6. Bxd6 cxd6 7. Nc3 dxc4 8. Bxc4 d5 9. Be2 O-O 10. Qb3 Qe7 11. O-O Nc6 12. Rfc1 Rfc8 13. h3 Bh5 14. Na4 Ne4 15. Nc5 Bxf3 16. Bxf3 Nxc5 17. Rxc5 b6 18. Rc3 Na5 19. Qc2 Rxc3 20. Qxc3 g6 21. Rc1 Rd8 22. Be2 Nb7 23. Qc7 Rd7 24. Qb8+ Nd8 25. Rc8 Kg7 26. Ba6 f5 27. a3 Nf7 28. Rg8+ Kh6 29. g3 e5 30. h4 Nd6 31. dxe5 Qxe5 32. Qf8+ Rg7 33. Rxg7 Qxg7 34. Qxd6 Qxb2 35. Qf8+ Kh5 36. Kf1 Qc1+ 37. Kg2 Qb2 38. Qe7 Kh6 39. Bf1 d4 40. Qg5+ Kg7 41. Qe7+ Kh6 42. Qf8+ Kh5 43. exd4 Qa2 44. Kg1 f4 45. Qxf4 Qd5 46. Be2+ Qf3 47. Bxf3# 1-0


[Site "https://www.chess.com"]

[Event "Titled Tuesday Blitz February 14 Early 2023"]
[White "Galchenko, Matvey"]
[Black "Domingo Nunez, Ruben"]
[WhiteFideId "24175480"]
[BlackFideId "22245570"]
[WhiteElo "2438"]
[BlackElo "2416"]
[Result "1-0"]
[Round "07"]
[TimeControl "180+2"]
[Date "2023.02.15"]
[WhiteClock "0:00:15"]
[BlackClock "0:00:03"]

1. f4 Nh6 2. Nf3 g6 3. g3 Bg7 4. Bg2 O-O 5. O-O c5 6. e4 Nc6 7. d3 d6 8. Nc3 f5 9. h3 e5 10. fxe5 dxe5 11. Bg5 Qd6 12. Qd2 Nf7 13. Be3 Nd4 14. exf5 gxf5 15. Rae1 Bd7 16. Nh4 Rae8 17. Nd5 e4 18. Nf4 Ne5 19. c3 Ndf3+ 20. Nxf3 exf3 21. Bxf3 Nxf3+ 22. Rxf3 Bc6 23. Rf2 Kh8 24. Kh2 Rg8 25. Rg1 Be5 26. d4 Bf6 27. dxc5 Qe7 28. Bd4 Rd8 29. Qe3 Qf7 30. Qe6 Rdf8 31. Qxf7 Rxf7 32. Re1 h5 33. Nxh5 Bxd4 34. cxd4 Rd8 35. Rd2 b6 36. b4 Be4 37. Nf4 Rfd7 38. Ne6 Re8 39. Ng5 bxc5 40. bxc5 Kg7 41. d5 Kf6 42. Nxe4+ fxe4 43. d6 Ke5 44. h4 Rc8 45. Rc1 e3 46. Rdc2 Kd4 47. Kg2 Kd3 48. Rc3+ Kd4 49. h5 Rg7 50. Rc4+ Kd5 51. Kf3 Rf7+ 52. Kxe3 Re8+ 53. Kd3 Rf3+ 54. Kd2 Rf2+ 55. Kc3 Re3+ 56. Kb4 Rb2+ 57. Ka5 Rxa2+ 58. Ra4 Rxa4+ 59. Kxa4 Kc6 60. Rd1 Re8 61. d7 Rd8 62. h6 Kxc5 63. h7 Rxd7 64. Rxd7 1-0


[Site "https://www.chess.com"]

[Event "Titled Tuesday Blitz February 14 Early 2023"]
[White "Ahmadzada, Ahmad"]
[Black "Koellner, Ruben Gideon"]
[WhiteFideId "13413007"]
[BlackFideId "12993093"]
[WhiteElo "2488"]
[BlackElo "2426"]
[Result "1-0"]
[Round "07"]
[TimeControl "180+2"]
[Date "2023.02.15"]
[WhiteClock "0:00:17"]
[BlackClock "0:00:01"]

1. b4 c6 2. Bb2 a5 3. a3 axb4 4. axb4 Rxa1 5. Bxa1 Qb6 6. c3 d5 7. Nf3 Nd7 8. e3 e5 9. Be2 Bd6 10. O-O Ngf6 11. d3 O-O 12. Nbd2 Qc7 13. e4 b5 14. Qc2 Bb7 15. Re1 Ra8 16. Bb2 Qb6 17. Bf1 Qc7 18. g3 c5 19. bxc5 Bxc5 20. exd5 Bxd5 21. Ne4 Nxe4 22. dxe4 Bc4 23. Bxc4 bxc4 24. Bc1 Qb6 25. Rd1 Ra7 26. Kg2 f6 27. Nh4 Qb3 28. Qe2 Qxc3 29. Nf5 Nf8 30. Be3 Bxe3 31. Nxe3 Rc7 32. Nd5 1-0


[Site "https://www.chess.com"]

[Event "Titled Tuesday Blitz February 14 Early 2023"]
[White "Mohamed Anees M"]
[Black "Postny, Evgeny"]
[WhiteFideId "35065815"]
[BlackFideId "2804344"]
[WhiteElo "2315"]
[BlackElo "2549"]
[Result "0-1"]
[Round "07"]
[TimeControl "180+2"]
[Date "2023.02.15"]
[WhiteClock "0:01:41"]
[BlackClock "0:01:31"]

1. e4 c5 2. Nf3 Nc6 3. d4 cxd4 4. Nxd4 e5 5. Nb5 a6 6. Nd6+ Bxd6 7. Qxd6 Qe7 8. Qxe7+ Kxe7 9. Nc3 Nf6 10. b3 d6 11. a4 Nb4 12. Bd3 Be6 13. Ke2 Rac8 14. Bb2 Nxd3 15. Kxd3 d5 16. exd5 Nxd5 17. Nxd5+ Bxd5 18. c4 Bxg2 19. Rhg1 Bh3 20. Rxg7 Bf5+ 21. Ke3 Bg6 22. Bxe5 Rhd8 23. Ke2 Kf8 24. h4 Re8 25. f4 Rxe5+ 26. fxe5 Kxg7 27. Ke3 Rd8 0-1


[Site "https://www.chess.com"]

[Event "Titled Tuesday Blitz February 14 Early 2023"]
[White "Harsh Suresh"]
[Black "Fries-Nielsen, Jens Ove"]
[WhiteFideId "45018464"]
[BlackFideId "1400142"]
[WhiteElo "2298"]
[BlackElo "2377"]
[Result "1-0"]
[Round "07"]
[TimeControl "180+2"]
[Date "2023.02.15"]
[WhiteClock "0:01:55"]
[BlackClock "0:02:39"]

1. e4 c5 2. Nc3 a6 3. g3 b5 4. Bg2 Bb7 5. Nge2 e6 6. O-O d6 7. d3 Nd7 8. b3 Qc7 9. Bb2 Ngf6 10. a4 b4 11. Nb1 Be7 12. Nd2 d5 13. exd5 exd5 14. Nf4 O-O 15. Re1 Rfe8 16. Nf1 Bd6 17. Rxe8+ Rxe8 18. Nh5 Nxh5 19. Qxh5 Be5 20. Re1 Nf6 21. Rxe5 1-0


[Site "https://www.chess.com"]

[Event "Titled Tuesday Blitz February 14 Early 2023"]
[White "Kukhmazov, Arsen"]
[Black "Dobrikov, Marco"]
[WhiteFideId "24108260"]
[BlackFideId "12950378"]
[WhiteElo "2512"]
[BlackElo "2269"]
[Result "0-1"]
[Round "07"]
[TimeControl "180+2"]
[Date "2023.02.15"]
[WhiteClock "0:00:05"]
[BlackClock "0:00:19"]

1. Nf3 e6 2. c4 c5 3. e3 Nc6 4. b3 Nf6 5. Bb2 Be7 6. Be2 O-O 7. O-O b6 8. d4 cxd4 9. Nxd4 Nxd4 10. Qxd4 Bb7 11. Nd2 d5 12. Nf3 dxc4 13. Bxc4 Qxd4 14. Bxd4 Rac8 15. Rfd1 Rfd8 16. Ne5 Nd7 17. a4 Nxe5 18. Bxe5 Bb4 19. f3 Kf8 20. Kf2 f6 21. Bb2 Ke7 22. g4 Bc6 23. e4 Rxd1 24. Rxd1 Bxa4 25. Ra1 Bd7 26. Rxa7 b5 27. Rxd7+ Kxd7 28. Bxb5+ Kd6 29. Bc4 Ra8 30. Bd4 Ra2+ 31. Kg3 Bd2 32. f4 e5 33. fxe5+ fxe5 34. Bf2 Bf4+ 35. Kf3 Bxh2 36. b4 Rc2 37. Bc5+ Kd7 38. Bd5 Rb2 39. Bf8 g6 40. Bc4 Bf4 41. b5 h5 42. gxh5 gxh5 43. Bf1 Rb3+ 44. Kf2 h4 45. Bc5 h3 46. b6 h2 47. Kg2 Rb2+ 48. Kh1 Rb1 0-1


[Site "https://www.chess.com"]

[Event "Titled Tuesday Blitz February 14 Early 2023"]
[White "Manelyuk, Daniil"]
[Black "Beerdsen, Thomas"]
[WhiteFideId "44173920"]
[BlackFideId "1030108"]
[WhiteElo "2302"]
[BlackElo "2507"]
[Result "0-1"]
[Round "07"]
[TimeControl "180+2"]
[Date "2023.02.15"]
[WhiteClock "0:00:06"]
[BlackClock "0:00:33"]

1. e4 e5 2. Nf3 Nc6 3. Bb5 f5 4. Nc3 fxe4 5. Nxe4 Nf6 6. Nxf6+ Qxf6 7. O-O Be7 8. d3 O-O 9. Bg5 Qe6 10. Bxe7 Nxe7 11. Re1 Ng6 12. d4 e4 13. Nd2 Qf5 14. Qe2 Nf4 15. Qf1 d5 16. f3 Qg5 17. Kh1 c6 18. Ba4 Nh5 19. Re2 e3 20. Nb1 Rf6 21. Kg1 Nf4 22. Nc3 Nxe2+ 23. Nxe2 h5 24. Bb3 Be6 25. f4 Qh6 26. h3 g5 27. Qf3 gxf4 28. Rf1 Raf8 29. c3 Kh8 30. Bc2 h4 31. Kh1 Qg5 32. Ng1 Bf7 33. Qe2 Bh5 34. Qd3 Bg6 35. Qe2 Bxc2 36. Qxc2 Rg8 37. Nf3 Qf5 38. Qe2 Qh5 39. Qc2 Rg3 40. Ne5 Qf5 41. Qe2 Rh6 42. Kh2 Kg7 43. Ng4 Rg6 44. Nxe3 Qe4 45. Rf2 fxe3 46. Rf3 Rxg2+ 47. Qxg2 Rxg2+ 48. Kxg2 e2 0-1


[Site "https://www.chess.com"]

[Event "Titled Tuesday Blitz February 14 Early 2023"]
[White "Sharapov, Evgeny"]
[Black "Lortkipanidze, Nodar"]
[WhiteFideId "14103133"]
[BlackFideId "13604058"]
[WhiteElo "2375"]
[BlackElo "2406"]
[Result "0-1"]
[Round "07"]
[TimeControl "180+2"]
[Date "2023.02.15"]
[WhiteClock "0:00:26"]
[BlackClock "0:01:33"]

1. e4 c5 2. Nf3 d6 3. d4 cxd4 4. Nxd4 Nf6 5. Nc3 g6 6. g3 Bg7 7. Bg2 Nc6 8. Nde2 O-O 9. O-O Bd7 10. a4 Qc8 11. Nd5 Re8 12. c3 Ne5 13. Nd4 Nxd5 14. exd5 Bh3 15. Re1 Bxg2 16. Kxg2 Qc4 17. Nf3 Rac8 18. Nxe5 dxe5 19. Be3 Red8 20. Bxa7 Rxd5 21. Qe2 Qc6 22. Qf3 b6 23. Red1 e6 24. a5 Rxa5 25. Qxc6 Rxc6 26. Rd8+ Bf8 27. Rxa5 bxa5 28. b4 Kg7 29. bxa5 Rxc3 30. Be3 Rc6 31. Ra8 Bc5 32. Bxc5 Rxc5 33. a6 Ra5 34. a7 Ra3 35. f3 Ra2+ 36. Kf1 g5 37. Ke1 h5 38. Kd1 g4 39. fxg4 hxg4 40. Kc1 e4 41. Kb1 Ra5 42. Kb2 Kf6 43. Kc3 Ke5 44. Kd2 Ra2+ 45. Ke1 e3 46. Kd1 Ke4 0-1


[Site "https://www.chess.com"]

[Event "Titled Tuesday Blitz February 14 Early 2023"]
[White "Movahed, Sina"]
[Black "Bodnaruk, Anastasia"]
[WhiteFideId "42520835"]
[BlackFideId "4181751"]
[WhiteElo "2340"]
[BlackElo "2350"]
[Result "1-0"]
[Round "07"]
[TimeControl "180+2"]
[Date "2023.02.15"]
[WhiteClock "0:01:29"]
[BlackClock "0:00:03"]

1. e4 c5 2. Nf3 d6 3. d4 cxd4 4. Nxd4 Nf6 5. Nc3 a6 6. Bg5 Nbd7 7. Bc4 Qb6 8. Bb3 e6 9. Qd2 Be7 10. O-O-O O-O 11. g4 Qa5 12. Bxf6 Bxf6 13. g5 Bxg5 14. f4 Bh6 15. Kb1 Nf6 16. Rhg1 Qc7 17. Qf2 Kh8 18. f5 b5 19. Rd3 b4 20. Rh3 bxc3 21. Rxh6 gxh6 22. Qh4 Ng8 23. f6 Qc5 24. Nf3 cxb2 25. Qg3 Qxg1+ 26. Qxg1 Nxf6 27. Qd4 Kg7 28. e5 dxe5 29. Nxe5 h5 30. Qe3 h6 31. Qg3+ Kh7 32. Qf4 Ng4 33. Nxg4 hxg4 34. Qe4+ f5 35. Qxa8 f4 36. Kxb2 f3 37. Bc4 f2 38. Bd3+ Kg8 39. Qa7 Rf7 40. Qd4 e5 41. Qd8+ Rf8 42. Bc4+ Kg7 43. Qe7+ Kg6 44. Qxf8 Bf5 45. Qe7 1-0


[Site "https://www.chess.com"]

[Event "Titled Tuesday Blitz February 14 Early 2023"]
[White "Ajay, Karthikeyan"]
[Black "Shapiro, Viktor"]
[WhiteFideId "35011685"]
[BlackFideId "4175700"]
[WhiteElo "2454"]
[BlackElo "2192"]
[Result "0-1"]
[Round "07"]
[TimeControl "180+2"]
[Date "2023.02.15"]
[WhiteClock "0:00:05"]
[BlackClock "0:00:17"]

1. d4 Nf6 2. Bf4 e6 3. e3 d5 4. Nf3 Bd6 5. Bg3 O-O 6. c3 c5 7. Bd3 Nc6 8. Nbd2 b6 9. Qe2 Bb7 10. Rd1 Ne7 11. e4 dxe4 12. Nxe4 Nxe4 13. Bxe4 Bxe4 14. Qxe4 c4 15. O-O Bxg3 16. hxg3 Qd5 17. Qf4 Ng6 18. Qg4 f5 19. Qg5 f4 20. g4 Qxg5 21. Nxg5 e5 22. Rfe1 Rfe8 23. d5 Rad8 24. Ne4 Ne7 25. d6 Nc6 26. Rd5 h6 27. Red1 Kf7 28. d7 Re7 29. Nd6+ Ke6 30. Nf5 Rexd7 31. Rxd7 Rxd7 32. Rxd7 Kxd7 33. Nxg7 e4 34. Nf5 Ne5 35. Nxh6 Ke6 36. g5 Nd3 37. b3 Nc1 38. bxc4 Nxa2 39. Kf1 Nxc3 40. Ke1 a5 41. Kd2 Na4 42. g4 fxg3 43. fxg3 Nc5 44. g4 a4 45. Nf5 a3 46. Kc3 a2 47. Kb2 Ke5 48. g6 Ne6 49. Kxa2 Kf4 50. g7 Nxg7 51. Nxg7 e3 52. Ne6+ Ke5 53. Ng5 Kf4 54. Nh3+ Kg3 55. Ng1 Kf2 56. Nh3+ Kg3 57. g5 e2 58. g6 e1=Q 59. g7 Qd2+ 60. Kb3 Qd3+ 61. Kb4 Qd6+ 62. Kb3 Qg6 63. Nf4 Kxf4 64. Kb4 0-1


[Site "https://www.chess.com"]

[Event "Titled Tuesday Blitz February 14 Early 2023"]
[White "Pinheiro, Iung Alicio de O."]
[Black "Mahdavi, Reza"]
[WhiteFideId "2104350"]
[BlackFideId "12595926"]
[WhiteElo "2306"]
[BlackElo "2339"]
[Result "1-0"]
[Round "07"]
[TimeControl "180+2"]
[Date "2023.02.15"]
[WhiteClock "0:00:08"]
[BlackClock "0:00:18"]

1. e4 c5 2. Nf3 e6 3. d3 Nc6 4. g3 d5 5. Qe2 Nf6 6. Bg2 Be7 7. O-O O-O 8. e5 Nd7 9. c4 Nb6 10. Nc3 Re8 11. h4 a6 12. Bf4 Bd7 13. Rad1 Nd4 14. Nxd4 cxd4 15. Nb1 Bc6 16. c5 Bxc5 17. Nd2 Nd7 18. Nf3 Qa5 19. a3 Qa4 20. h5 Bb5 21. h6 g6 22. Nh2 Bf8 23. Ng4 Rec8 24. Rd2 Rc6 25. Bg5 Rac8 26. Qf3 Rc2 27. Rfd1 Rxd2 28. Rxd2 Rc2 29. Nf6+ Nxf6 30. Rxc2 Qxc2 31. Qxf6 Qxb2 32. Bxd5 Qb1+ 33. Kh2 Be8 34. Qd8 Qb5 35. Bxb7 Qxb7 36. Qxe8 Qc7 37. Bf6 Qc2 38. Kg2 Qxd3 39. Be7 Qe4+ 40. Kh2 1-0


[Site "https://www.chess.com"]

[Event "Titled Tuesday Blitz February 14 Early 2023"]
[White "Costachi, Mihnea"]
[Black "Melian, Juan Sebastian"]
[WhiteFideId "1217518"]
[BlackFideId "3706575"]
[WhiteElo "2476"]
[BlackElo "2293"]
[Result "0-1"]
[Round "07"]
[TimeControl "180+2"]
[Date "2023.02.15"]
[WhiteClock "0:00:15"]
[BlackClock "0:00:10"]

1. Nc3 d5 2. d4 Nf6 3. Bf4 e6 4. e3 Bb4 5. Bd3 c5 6. dxc5 a6 7. Ne2 Nbd7 8. a3 Bxc5 9. O-O e5 10. Bg5 e4 11. Nxd5 exd3 12. Qxd3 Be7 13. Nxe7 Qxe7 14. Nd4 Nc5 15. Qc4 Nce4 16. Bxf6 Nxf6 17. Rfd1 O-O 18. h3 Rd8 19. Rd3 Bd7 20. Rad1 Rac8 21. Qb3 b5 22. f3 g6 23. e4 Kg7 24. c3 Nh5 25. Qc2 Nf4 26. R3d2 Be6 27. Nxe6+ Nxe6 28. Qc1 Qg5 29. Qc2 Nf4 30. Kh2 h5 31. g3 Ne6 32. f4 Qf6 33. e5 Qe7 34. Rd6 h4 35. Qf2 Rxd6 36. exd6 Qf6 37. d7 Rd8 38. Qe3 hxg3+ 39. Kxg3 Kh7 40. Rd6 Qe7 41. Qb6 Ng7 42. Rd3 Nf5+ 43. Kf3 Rxd7 44. Rxd7 Qxd7 45. Qxa6 Qd3+ 46. Kf2 Qd2+ 47. Kf3 Qe3+ 48. Kg2 Qe2+ 49. Kg1 Ne3 50. Qb7 Qf1+ 51. Kh2 Qxf4+ 52. Kg1 Qf1+ 53. Kh2 Qf2+ 54. Kh1 Kg7 55. Qe4 Nf1 56. Qg2 Ng3+ 57. Kh2 Nf1+ 58. Kh1 Qe1 59. Qc6 Ng3+ 60. Kg2 Qh1+ 61. Kxg3 Qxc6 62. Kf4 Qc4+ 63. Ke3 Qb3 64. Kd2 Qxb2+ 65. Kd3 Qxa3 66. Kd4 Qb3 67. Kc5 Qc4+ 68. Kb6 Qxc3 69. Kxb5 Qxh3 0-1


[Site "https://www.chess.com"]

[Event "Titled Tuesday Blitz February 14 Early 2023"]
[White "Kokoszczynski, Jan"]
[Black "Dragnev, Valentin"]
[WhiteFideId "1174460"]
[BlackFideId "1634852"]
[WhiteElo "2247"]
[BlackElo "2593"]
[Result "0-1"]
[Round "07"]
[TimeControl "180+2"]
[Date "2023.02.15"]
[WhiteClock "0:00:02"]
[BlackClock "0:00:55"]

1. d4 g6 2. c4 Bg7 3. Nc3 e6 4. Nf3 Ne7 5. g3 d5 6. cxd5 exd5 7. Bg2 O-O 8. O-O Re8 9. Bg5 h6 10. Bf4 c6 11. Re1 Nd7 12. Rc1 Nf6 13. Be5 Bf5 14. e3 Ne4 15. Bxg7 Kxg7 16. Ne5 Nd6 17. b3 h5 18. h3 f6 19. Nd3 g5 20. Kh2 Bg6 21. Nc5 Nef5 22. Qd2 Re7 23. Rcd1 Qc7 24. e4 dxe4 25. N3xe4 Rae8 26. Nc3 b6 27. N5e4 h4 28. Nxd6 Qxd6 29. Ne4 hxg3+ 30. Nxg3 Rxe1 31. Rxe1 Nxd4 32. Rxe8 Nf3+ 33. Bxf3 Qxd2 34. Re7+ Kf8 35. Re2 Qd6 36. Kg2 c5 37. Be4 Bxe4+ 38. Nxe4 Qf4 39. f3 Qe5 40. Ng3 Qd5 41. Ne4 Qe5 42. Ng3 Qd4 43. Nf5 Qd3 44. Ng3 f5 0-1


[Site "https://www.chess.com"]

[Event "Titled Tuesday Blitz February 14 Early 2023"]
[White "Reprintsev, Alexander"]
[Black "Matinian, Nikita"]
[WhiteFideId "14100541"]
[BlackFideId "24129100"]
[WhiteElo "2253"]
[BlackElo "2407"]
[Result "1-0"]
[Round "07"]
[TimeControl "180+2"]
[Date "2023.02.15"]
[WhiteClock "0:00:11"]
[BlackClock "0:00:02"]

1. e4 e5 2. Nf3 Nc6 3. Bc4 Nf6 4. Ng5 d5 5. exd5 b5 6. Bf1 Qxd5 7. Nc3 Qd7 8. Bxb5 Bb7 9. O-O O-O-O 10. d3 Kb8 11. Re1 h5 12. h3 h4 13. a3 Rh6 14. Be3 Rg6 15. f3 Qf5 16. Qd2 Nd4 17. Kh2 Bd6 18. Nge4 Nh5 19. Rf1 Ng3 20. Rf2 Be7 21. Bc4 Ne6 22. Bxe6 Qxe6 23. Ne2 f5 24. N4xg3 hxg3+ 25. Nxg3 f4 26. Ne4 fxe3 27. Qxe3 Bh4 28. Re2 Bxe4 29. Qxe4 Bg3+ 30. Kg1 Qc6 31. Rd1 Bf4 32. Kf1 Rd4 33. Qxc6 Rxc6 34. b3 a5 35. c4 Rcd6 36. Kf2 Rxd3 37. Rxd3 Rxd3 38. g3 Bc1 39. b4 axb4 40. axb4 Rd4 41. Rxe5 Rxc4 42. b5 Rc2+ 43. Kf1 Ba3 44. h4 1-0


[Site "https://www.chess.com"]

[Event "Titled Tuesday Blitz February 14 Early 2023"]
[White "Tan, Zhongyi"]
[Black "Kanyamarala, Tarun"]
[WhiteFideId "8603642"]
[BlackFideId "45004714"]
[WhiteElo "2517"]
[BlackElo "2342"]
[Result "1-0"]
[Round "07"]
[TimeControl "180+2"]
[Date "2023.02.15"]
[WhiteClock "0:01:19"]
[BlackClock "0:00:24"]

1. c4 f5 2. d4 Nf6 3. g3 g6 4. Bg2 Bg7 5. Nc3 O-O 6. Nf3 d6 7. O-O c6 8. b3 e5 9. dxe5 Ng4 10. Bg5 Qa5 11. Rc1 dxe5 12. e4 f4 13. Be7 Re8 14. b4 Qc7 15. Bd6 Qf7 16. c5 Nd7 17. h3 Nh6 18. g4 Qe6 19. Ng5 Qf6 20. Qb3+ Kh8 21. h4 Nf8 22. f3 Ne6 23. Nxe6 Bxe6 24. g5 Qf7 25. Qb2 Ng8 26. Rfd1 h6 27. Kf2 Rad8 28. b5 Bc4 29. bxc6 bxc6 30. Rb1 Ba6 31. Qa3 Qc4 32. Bf1 Qe6 33. Qxa6 hxg5 34. hxg5 Bf8 35. Bc4 1-0


[Site "https://www.chess.com"]

[Event "Titled Tuesday Blitz February 14 Early 2023"]
[White "Donskov, Anatoly"]
[Black "Vaibhav Jayant Raut"]
[WhiteFideId "24143413"]
[BlackFideId "5089034"]
[WhiteElo "2279"]
[BlackElo "2237"]
[Result "1-0"]
[Round "07"]
[TimeControl "180+2"]
[Date "2023.02.15"]
[WhiteClock "0:00:32"]
[BlackClock "0:01:44"]

1. e4 c5 2. Nf3 Nc6 3. Bb5 g6 4. Bxc6 dxc6 5. d3 Bg7 6. O-O Bg4 7. h3 Bxf3 8. Qxf3 Nf6 9. Re1 O-O 10. e5 Nd5 11. Nc3 Nxc3 12. bxc3 Qc7 13. Bf4 e6 14. Rab1 Rad8 15. c4 Rd4 16. Be3 Bxe5 17. Bxd4 Bxd4 18. Rb3 Qa5 19. Re2 Rb8 20. a3 Kg7 21. Qg3 Qd8 22. c3 Bf6 23. Rd2 h5 24. d4 h4 25. Qd3 cxd4 26. cxd4 Qa5 27. Rd1 b6 28. Qd2 Qa4 29. Rc3 Rd8 30. Qc2 Qa5 31. Rcd3 Qf5 32. Qe2 Qf4 33. Qe3 Qc7 34. Qf3 Qc8 35. Qf4 Qa6 36. Rf3 1-0


[Site "https://www.chess.com"]

[Event "Titled Tuesday Blitz February 14 Early 2023"]
[White "Ozates, Tuna"]
[Black "Mujumdar, Sameer"]
[WhiteFideId "6354521"]
[BlackFideId "2029707"]
[WhiteElo "2251"]
[BlackElo "1992"]
[Result "1-0"]
[Round "07"]
[TimeControl "180+2"]
[Date "2023.02.15"]
[WhiteClock "0:00:59"]
[BlackClock "0:00:36"]

1. e4 c5 2. Nf3 d6 3. Bb5+ Nd7 4. O-O a6 5. Bd3 Ngf6 6. c3 e5 7. Bc2 Be7 8. d4 O-O 9. Nbd2 b5 10. Re1 Bb7 11. h3 Re8 12. Nf1 Bf8 13. Ng3 g6 14. a4 Bg7 15. Bd3 c4 16. Bc2 Qc7 17. h4 h5 18. d5 Ng4 19. Ng5 Nc5 20. f3 Nf6 21. Be3 Nh7 22. Qd2 Nxg5 23. hxg5 Bf8 24. Kf2 Be7 25. Rh1 Kg7 26. Rh2 Rh8 27. Rah1 Raf8 28. f4 exf4 29. Bd4+ f6 30. Qxf4 Nd7 31. Rxh5 gxh5 32. Nf5+ Kf7 33. g6+ Kxg6 34. Qg3+ 1-0


[Site "https://www.chess.com"]